 Dungeon Crawl Stone Soup version 0.31-a0-180-g519b7de00c (webtiles) character file.

Game seed: 6511441991162745568

336 Moral the Trooper (level 6, -1/40 HPs)
             Began as a Gargoyle Fighter on June 19, 2023.
             Slain by an ogre
             ... wielding a +0 giant spiked club
              (24 damage)
             ... on level 4 of the Dungeon.
             The game lasted 00:03:13 (2218 turns).

Moral the Trooper (Gargoyle Fighter)                Turns: 2218, Time: 00:03:14

Health: -1/40      AC: 13    Str: 22    XL:     6   Next: 54%
Magic:  6/6        EV: 14    Int:  8    God:
Gold:   113        SH:  4    Dex:  9    Spells: 5/5 levels left

rFire   + . .        a - +0 flail
rCold   . . .        c - +0 buckler
rNeg    + . .        b - +0 scale mail
rPois   ∞            (no helmet)
rElec   +            p - +0 cloak
rCorr   .            q - +0 pair of gloves
SInv    .            (no boots)
Will    .....        (no amulet) Stlth
                     n - ring of protection from fire
HPRegen 0.26/turn    o - +5 ring of evasion
MPRegen 0.10/turn

%: no passive effects
@: no status effects
A: sickness immunity, AC +4, negative energy resistance 1, electricity
resistance, torment resistance 1, petrification resistance
a: no special abilities


You were on level 4 of the Dungeon.
You visited 1 branch of the dungeon, and saw 4 of its levels.

You collected 113 gold pieces.

Inventory:

Hand Weapons
 a - a +0 flail (weapon)
Armour
 b - a +0 scale mail (worn)
 c - a +0 buckler (worn)
 p - a +0 cloak (worn)
 q - a +0 pair of gloves (worn)
Jewellery
 n - a ring of protection from fire (left hand)
 o - a +5 ring of evasion (right hand)
Scrolls
 e - a scroll of noise {unknown}
 g - a scroll of blinking {unknown}
 h - a scroll of vulnerability {unknown}
 i - a scroll of teleportation {unknown}
 j - a scroll of enchant armour {unknown}
 t - a scroll of identify {unknown}
Potions
 d - 2 potions of might
 f - 2 potions of heal wounds {unknown}
 k - 2 potions of curing {unknown}
 l - a potion of brilliance {unknown}
 m - 2 potions of haste {unknown}
 r - a potion of attraction {unknown}
 s - a potion of enlightenment {unknown}


   Skills:
 * Level 5.2 Fighting
 * Level 4.2 Maces & Flails
 + Level 4.3 Armour
 + Level 4.2 Shields


You had 5 spell levels left.
You didn't know any spells.
Your spell library was empty.

Dungeon Overview and Level Annotations

Branches:
Dungeon (4/15)
 Temple: D:4-7

Altars:
Fedhas
Wu Jian

Shops:
D:1 *


Innate Abilities, Weirdness & Mutations

You are immune to sickness and miasma.
Your stone body is resilient. (AC +4)
You are immune to poison.
You resist negative energy. (rN+)
You are resistant to electric shocks. (rElec)
You are resistant to unholy torment.
You are immune to petrification.


Message History

The orc barely misses you.
You completely miss the orc.
The orc is moderately wounded.
The orc hits you but does no damage.
You closely miss the orc.
The orc is moderately wounded.
The orc misses you.
You closely miss the orc.
The orc is moderately wounded.
You block the orc's attack. The orc hits you but does no damage.
You sock the orc!
You kill the orc!
Things that are here:
a +0 flail; an orc corpse
Found a stone staircase leading down.
Found a barding.
Found a trident.
There is a stone staircase leading down here.
An ogre comes into view. It is wielding a +0 giant spiked club.
An ogre is nearby!
An ogre is nearby!
An ufetubus comes into view.
The ufetubus shouts!
The ogre completely misses you. The ufetubus misses you. x2
You sock the ogre!
The ogre is heavily wounded.
The ufetubus barely misses you.
The ufetubus hits you but does no damage.
The ogre hits you with a +0 giant spiked club!!
You block the ufetubus's attack. The ufetubus closely misses you.
You sock the ogre!
The ogre is almost dead.
The ufetubus barely misses you. x2
The ufetubus hits you but does no damage.
The ufetubus misses you.
You barely miss the ogre.
The ogre is almost dead.
The ogre hits you with a +0 giant spiked club!!
Ouch! That really hurt!
You die...

.# .# ### .#### ## #..
....# ######(# #.#.
....#.# .......# #.#.#
..#.#.# ..##### #.#...
....... ...#######.#
#.##.....)#
....#.)....#
#..O5.....#
.....))..### #@.....#
..###.#...## ##......#
....#.#.#..####.....###
###.#.#.##..........# #
#<#.#+######.>....# #
###.. ##....## . ...
#....# # ... #....#
#.....#


You could see an ogre and an ufetubus.

Vanquished Creatures
  Grinder (D:3)
  An orc wizard (D:4)
  An iguana (D:4)
  Natasha (D:3)
  2 adders (D:3)
  3 orcs
  7 bats
  2 endoplasms (D:3)
  2 giant cockroaches
  8 goblins
  3 hobgoblins
  3 jackals (D:1)
  4 kobolds
  2 quokkas
  7 ball pythons
  3 frilled lizards
  3 rats
53 creatures vanquished.

Notes
Turn   | Place    | Note
-------+----------+-------------------------------------------
     0 | D:1      | Moral the Gargoyle Fighter began the quest for the Orb.
     0 | D:1      | Reached XP level 1. HP: 14/14 MP: 1/1
   141 | D:1      | Reached XP level 2. HP: 19/19 MP: 2/2
   218 | D:1      | Found Mibeteka's Assorted Antiques.
   524 | D:1      | Reached XP level 3. HP: 24/24 MP: 3/3
   566 | D:1      | You fall into a shaft and drop 1 floor!
   575 | D:2      | Found a faded altar of an unknown god.
  1198 | D:3      | Noticed Natasha
  1207 | D:3      | Killed Natasha
  1208 | D:3      | Reached skill level 4 in Fighting
  1208 | D:3      | Reached XP level 4. HP: 19/29 MP: 4/4
  1581 | D:3      | Noticed Grinder
  1600 | D:3      | Killed Grinder
  1601 | D:3      | Reached skill level 5 in Fighting
  1601 | D:3      | Reached XP level 5. HP: 27/35 MP: 5/5
  1601 | D:3      | Reached XP level 6. HP: 30/40 MP: 6/6
  1918 | D:3      | Found a blossoming altar of Fedhas.
  1918 | D:3      | Found an ornate altar of the Wu Jian Council.
  2218 | D:4      | Slain by an ogre

Illustrated notes

Levels and vault maps discovered:
D:1:      dpeg_arrival_rooms_c, layout_loops_cross, serial_shops,
          nicolae_shop_tiny_real_fake_doors
D:2:      layout_loops_ring, ebering_ecumenical_altar_webs,
          hangedman_decor_opposing
D:3:      layout_loops_ring, gammafunk_temple_overflow_elements, uniq_natasha,
          uniq_grinder
D:4:      layout_basic, hangedman_abyss_or_decor_passed

Skill      XL: |  1  2  3  4 |
---------------+-------------+-----
Fighting       | 4 5 |  5.2
Maces & Flails | 4 |  4.2
Armour         | 4 |  4.3
Shields        | 4 |  4.2

Action                     |  1- 3 |  4- 6 || total
---------------------------+-------+-------++-------
  Melee: Flail             |   100 |    86 ||   186
 Armour: Scale mail        |    66 |    28 ||    94
  Dodge: Dodged            |    71 |    65 ||   136
  Block: Buckler           |    25 |    15 ||    40

Table legend: (Time is in decaauts)
 A = Elapsed time spent in this place.
 B = Non-inter-level travel time spent in this place.
 C = Inter-level travel time spent in this place.
 D = Time resting spent in this place.
 E = Time spent auto-exploring this place.
 F = Levels seen in this place.
 G = Mean time per level.
                   A        B        C        D        E       F      G
               +--------+--------+--------+--------+--------+-----+--------+
         Total |   2283 |   2181 |    102 |      0 |   1720 |   4 |  570.8 |
       Dungeon |   2283 |   2181 |    102 |      0 |   1720 |   4 |  570.8 |
               +--------+--------+--------+--------+--------+-----+--------+

Top non-repeatable levels by time:
     D:3: 838 daAuts
     D:2: 640 daAuts
     D:1: 586 daAuts
     D:4: 218 daAuts
